 Dungeon Crawl Stone Soup version 0.32-a0-422-g28b100f618 (webtiles) character file.

Game seed: 10206424055913497044

4 shadowstone the Trooper (level 1, -1/18 HPs)
             Began as a Coglin Fighter on Feb 21, 2024.
             Slain by a jackal (3 damage)
             ... on level 1 of the Dungeon.
             The game lasted 00:00:43 (400 turns).

shadowstone the Trooper (Coglin Fighter)             Turns: 400, Time: 00:00:44

Health: -1/18      AC:  6    Str: 16    XL:     1   Next: 60%
Magic:  1/1        EV:  8    Int:  7    God:
Gold:   0          SH:  4    Dex: 13    Spells: 0/0 levels left

rFire   . . .        a - +0 long sword {Lin}
rCold   . . .        c - +0 buckler
rNeg    . . .        b - +0 scale mail
rPois   .            (no helmet)
rElec   .            (no cloak)
rCorr   .            (no gloves)
SInv    .            (no boots)
Will    .....        (no amulet) Stlth
                     (no ring)
HPRegen 0.23/turn    (no ring)
MPRegen 0.07/turn

%: no passive effects
@: immotile, revved
A: off-hand wielding, slow wielding, warmup strikes, legs shutdown
a: no special abilities


You were on level 1 of the Dungeon.
You visited 1 branch of the dungeon, and saw 1 of its levels.

Inventory:

Hand Weapons
 a - a +0 long sword (weapon) {Lin}
Armour
 b - a +0 scale mail (worn)
 c - a +0 buckler (worn)
Scrolls
 f - a scroll of fog {unknown}
Potions
 d - a potion of might
 e - a potion of attraction {unknown}


   Skills:
 + Level 3.1 Fighting
 + Level 2.0 Long Blades
 + Level 2.9 Armour
 + Level 2.1 Shields


You couldn't memorise any spells.
You didn't know any spells.
Your spell library was empty.

Dungeon Overview and Level Annotations

Branches:
Dungeon (1/15)

Altars:


Innate Abilities, Weirdness & Mutations

You can wield a second weapon in your off-hand.
It takes a long time for you to wield or remove held weapons.
Your first few attacks do less damage.
Attacking and casting redirects power from your legs.


Message History

You barely miss the bat. The bat hits you but does no damage.
An endoplasm comes into view.
You cannot move.
You cannot move.
You cannot move.
You cannot move.
You barely miss the jackal.
The endoplasm quivers.
The jackal bites you but does no damage. x2
You block the jackal's attack. The jackal closely misses you.
Unknown command.
You closely miss the jackal. You block the jackal's attack. x2
The jackal bites you but does no damage.
The jackal barely misses you.
The jackal bites you but does no damage.
The jackal barely misses you.
Unknown command.
You barely miss the jackal. The jackal barely misses you.
The jackal bites you. x3
The jackal bites you but does no damage.
The endoplasm hits you but does no damage.
Unknown command.
You miss the jackal. The jackal barely misses you. The jackal bites you. x2
The jackal bites you but does no damage.
The endoplasm freezes you.
You are frozen.
The jackal bites you but does no damage. x2
Unknown command.
You barely miss the jackal.
The jackal bites you but does no damage.
The jackal barely misses you.
The jackal bites you but does no damage.
The endoplasm freezes you.
You are frozen.
* * * LOW HITPOINT WARNING * * *
The jackal closely misses you. You block the jackal's attack.
The jackal closely misses you.
You barely miss the jackal. The jackal bites you.
* * * LOW HITPOINT WARNING * * *
The jackal bites you.
You die...

## .# $. ... # .# ....
#. .##.... ##♣ ♣ ...
$..... #≈#♣♣. #...
##>.#.# #.....
##...##Jhw..#.# ~....
....Jbh@h.....# #♣♣..###
.######.#########≈#..#..
#.# #..#...#.< #.#
##.♣.#..#.. #.#
#..♣♣.÷.#..
#.######.####..#..
#......).# ♣..###
########## ♣.....
....##♣.....


You could see a dart slug, 2 endoplasms, 3 jackals and a bat.

Vanquished Creatures
  A ball python (D:1)
  A bat (D:1)
  A kobold (D:1)
3 creatures vanquished.

Notes
Turn   | Place    | Note
-------+----------+-------------------------------------------
     0 | D:1      | shadowstone the Coglin Fighter began the quest for the Orb.
     0 | D:1      | Reached XP level 1. HP: 18/18 MP: 1/1
   400 | D:1      | Slain by a jackal

Illustrated notes

Levels and vault maps discovered:
D:1:      saegor_arrival_under_anarchy, layout_loops_ring,
          minmay_split_cup_small

Action                     || total
---------------------------++-------
  Melee: Long sword        ||    21
 Armour: Scale mail        ||    40
  Dodge: Dodged            ||    23
  Block: Buckler           ||    17

Table legend: (Time is in decaauts)
 A = Elapsed time spent in this place.
 B = Non-inter-level travel time spent in this place.
 C = Inter-level travel time spent in this place.
 D = Time resting spent in this place.
 E = Time spent auto-exploring this place.
 F = Levels seen in this place.
 G = Mean time per level.
                   A        B        C        D        E       F      G
               +--------+--------+--------+--------+--------+-----+--------+
         Total |    408 |    408 |      0 |    300 |      6 |   1 |  408.0 |
       Dungeon |    408 |    408 |      0 |    300 |      6 |   1 |  408.0 |
               +--------+--------+--------+--------+--------+-----+--------+

Top non-repeatable levels by time:
     D:1: 408 daAuts
